 Dungeon Crawl Stone Soup version 0.28.0 (webtiles) character file.

Game seed: 15755929139303073811

681 HallandMoats the Skirmisher (level 7, -6/55 HPs)
             Began as a Demonspawn Fighter on Feb 13, 2022.
             Was a Priest of Okawaru.
             Mangled by a wyvern zombie (7 damage)
             ... on level 4 of the Dungeon.
             The game lasted 00:03:59 (3269 turns).

HallandMoats the Skirmisher (Demonspawn Fighter)    Turns: 3269, Time: 00:03:59

Health: -6/55      AC: 11    Str: 18    XL:     7   Next: 34%
Magic:  0/10       EV:  9    Int: 10    God:    Okawaru [***...]
Gold:   136        SH:  4    Dex: 12    Spells: 6/6 levels left

rFire   . . .      SeeInvis .   a - +0 war axe
rCold   + . .      Faith    .   c - +0 buckler
rNeg    . . .      Spirit   +   b - +0 scale mail
rPois   .          Reflect  .   (helmet restricted)
rElec   .          Harm     .   e - scarf {repulsion}
rCorr   .          Rampage  .   (no gloves)
Will    .....                   h - +0 pair of boots
Stlth   ..........              (no amulet)
HPRegen 0.18/turn               j - ring of protection from cold
MPRegen 0.24/turn               (no ring)

@: repel missiles
A: horns 1, molten scales 2, magic shield, magic regeneration
a: Renounce Religion, Heroism


You were on level 4 of the Dungeon.
You worshipped Okawaru.
Okawaru was most pleased with you.
You visited 1 branch of the dungeon, and saw 4 of its levels.

You collected 136 gold pieces.

Inventory:

Hand Weapons
 a - a +0 war axe (weapon)
Armour
 b - a +0 scale mail (worn)
 c - a +0 buckler (worn)
 e - a scarf of repulsion (worn)
 h - a +0 pair of boots (worn)
Jewellery
 j - a ring of protection from cold (left hand)
Scrolls
 k - a scroll of torment {unknown}
Potions
 f - a potion of curing {unknown}
 g - 2 potions of berserk rage {unknown}
 i - 2 potions of mutation {unknown}


   Skills:
 * Level 4.8 Fighting
 * Level 3.8 Axes
 + Level 3.5 Armour
 + Level 2.0 Dodging
 + Level 3.6 Shields
 * Level 4.6 Invocations


You had 6 spell levels left.
You didn't know any spells.
Your spell library contained the following spells:

 Spells                   Type           Power      Damage    Failure   Level
 Beastly Appendage        Tmut           0%         N/A       83%         1
 Wereblood                Tmut           0%         N/A       93%         2
 Spider Form              Tmut/Pois      0%         N/A       99%         3


Dungeon Overview and Level Annotations

Branches:
Dungeon (4/15)             Temple (0/1) D:4

Altars:
Okawaru


Innate Abilities, Weirdness & Mutations

You have a pair of small horns on your head.
You are mostly covered in molten scales. (AC +3)
When hurt, damage is shared between your health and your magic reserves.
You regenerate magic rapidly.


Message History

You are too injured to fight recklessly!
You are too injured to fight recklessly!
You are too injured to fight recklessly!
You are too injured to fight recklessly!
You are too injured to fight recklessly!
You are too injured to fight recklessly!
You are too injured to fight recklessly!
You are too injured to fight recklessly!
You are too injured to fight recklessly!
You are too injured to fight recklessly!
You are too injured to fight recklessly!
You are too injured to fight recklessly!
You are too injured to fight recklessly!
You are too injured to fight recklessly!
You are too injured to fight recklessly!
You are too injured to fight recklessly!
You are too injured to fight recklessly!
You hit the wyvern zombie. Your headbutt misses the wyvern zombie.
The wyvern zombie is heavily damaged.
The wyvern zombie bites you but does no damage.
You hit the wyvern zombie but do no damage.
The wyvern zombie is heavily damaged.
You block the wyvern zombie's attack. The wyvern zombie bites you!
You slash the wyvern zombie!
The wyvern zombie is severely damaged.
The wyvern zombie bites you!
* * * LOW HITPOINT WARNING * * *
The wyvern zombie bites you!
* * * LOW HITPOINT WARNING * * *
You hit the wyvern zombie. Your headbutt misses the wyvern zombie.
The wyvern zombie is severely damaged.
The wyvern zombie bites you.
* * * LOW HITPOINT WARNING * * *
You hit the wyvern zombie.
The wyvern zombie is almost destroyed.
The wyvern zombie barely misses you. x2
You hit the wyvern zombie.
The wyvern zombie is almost destroyed.
The wyvern zombie bites you!
You die...

.. ### ..##..
#.##.# #.##.#
#.##.# #
######.##.# ..#
.#.....#.##@##.....
#.# #......Z......
#.# ###.##.#......
#.# #.##.#.#...#
#.# #.##.# . ...
#.# #.##.# ## .#
####.######.##.# .
#...........##..
#.##.#####..####


You could see a wyvern zombie.

Vanquished Creatures
  A necrophage (D:4)
  A centaur (D:4)
  2 phantoms (D:4)
  2 scorpions
  An iguana (D:4)
  An orc wizard (D:4)
  Robin (D:4)
  7 adders
  An ufetubus (D:4)
  An adder skeleton (D:4)
  A worm (D:2)
  6 dart slugs
  4 orcs (D:4)
  12 endoplasms
  5 giant cockroaches
  14 goblins
  8 hobgoblins
  2 jackals (D:4)
  5 kobolds
  3 quokkas
  8 ball pythons
  7 bats
  3 frilled lizards
  5 rats
101 creatures vanquished.

Notes
Turn   | Place    | Note
-------+----------+-------------------------------------------
     0 | D:1      | HallandMoats the Demonspawn Fighter began the quest for the
                  | Orb.
     0 | D:1      | Reached XP level 1. HP: 18/18 MP: 1/1
    76 | D:1      | Reached skill level 1 in Invocations
    76 | D:1      | Gained mutation: You are partially covered in molten
                  | scales. (AC +2) [demonic ancestry]
    76 | D:1      | Reached XP level 2. HP: 16/24 MP: 2/2
   247 | D:1      | Found a faded altar of an unknown god.
   261 | D:1      | Prayed at the altar of an unknown god.
   261 | D:1      | Became a worshipper of Warmaster Okawaru
   261 | D:1      | Reached * piety under Okawaru
   426 | D:1      | Reached XP level 3. HP: 27/29 MP: 4/4
   852 | D:2      | Gained mutation: You have a pair of small horns on your
                  | head. [demonic ancestry]
   852 | D:2      | Reached XP level 4. HP: 24/35 MP: 5/5
  1851 | D:3      | Reached skill level 1 in Dodging
  1863 | D:3      | Noticed a scorpion
  1876 | D:3      | Killed a scorpion
  1877 | D:3      | Gained mutation: You are mostly covered in molten scales.
                  | (AC +3) [demonic ancestry]
  1877 | D:3      | Reached XP level 5. HP: 41/42 MP: 5/7
  2413 | D:4      | Noticed Robin
  2420 | D:4      | Killed Robin
  2421 | D:4      | Reached ** piety under Okawaru
  2509 | D:4      | Noticed a centaur
  2518 | D:4      | Killed a centaur
  2518 | D:4      | Noticed a phantom
  2519 | D:4      | Gained mutation: You regenerate magic rapidly. [demonic
                  | ancestry]
  2519 | D:4      | Reached XP level 6. HP: 29/48 MP: 8/8
  2526 | D:4      | Found a staircase to the Ecumenical Temple.
  2893 | D:4      | Gained mutation: When hurt, damage is shared between your
                  | health and your magic reserves. [demonic ancestry]
  2893 | D:4      | Reached XP level 7. HP: 42/55 MP: 8/10
  3083 | D:4      | Reached *** piety under Okawaru
  3267 | D:4      | HP: 1/55 [wyvern zombie (2)]
  3269 | D:4      | Mangled by a wyvern zombie

Illustrated notes

Levels and vault maps discovered:
D:1:      lightli_arrival_flooded_house, layout_rooms,
          shapermc_ecumenical_altar_starsandcircs
D:2:      layout_basic, nicolae_figureground_pulse
D:3:      layout_rooms
D:4:      layout_loops_ring, minmay_temple_entry_arrows, uniq_robin

Skill      XL: |  1  2  3  4  5  6  7 |
---------------+----------------------+-----
Invocations    | 1 2 3 4 |  4.6
Axes           | 2 3 |  3.8
Shields        | 3 |  3.6
Dodging        | 1 2 |  2.0
Armour         | 3 |  3.5
Fighting       | 4 |  4.8

Action                   |  1- 3 |  4- 6 |  7- 9 || total
-------------------------+-------+-------+-------++-------
Melee: War axe           |   108 |   119 |    44 ||   271
       Headbutt          |       |    20 |     7 ||    27
Invok: Heroism           |     1 |       |       ||     1
  Use: Potion            |     2 |     1 |       ||     3
       Scroll            |       |     2 |       ||     2
Armor: Scale mail        |    70 |    82 |    38 ||   190
Dodge: Dodged            |    73 |    66 |    17 ||   156
       Repelled          |     1 |     2 |       ||     3
Block: Buckler           |    42 |    37 |    15 ||    94
